 Dungeon Crawl Stone Soup version 0.18.1-5-g4a78601 (webtiles) character file.

131 Chemotherapy the Cutter (level 5, -7/40 HPs)
             Began as a Vine Stalker Berserker on May 10, 2016.
             Was a Believer of Trog.
             Mangled by an orc
             ... wielding a +0 flail
              (10 damage)
             ... on level 3 of the Dungeon.
             The game lasted 00:03:38 (1642 turns).

Chemotherapy the Cutter (Vine Stalker Berserker)    Turns: 1642, Time: 00:03:38

Health: -7/40      AC:  3    Str: 25    XL:     5   Next: 14%
Magic:  0/6        EV: 12    Int:  7    God:    Trog [**....]
Gold:   199        SH:  0    Dex: 14    Spells: 0 memorised, 4 levels left

rFire  . . .     SeeInvis .     a - +0 short sword
rCold  . . .     Gourm    .     q - +0 leather armour
rNeg   . . .     Faith    .     (no shield)
rPois  .         Spirit   +     (no helmet)
rElec  .         Dismiss  .     (no cloak)
rCorr  .         Reflect  .     (no gloves)
SustAt +         Harm     .     (no boots)
MR     .....                    (no amulet)
Stlth  ..........               (no ring)
                                k - ring of sustain attributes

@: berserking, very quick, not resistant to hostile enchantments, extremely
unstealthy
A: fangs 2, regeneration 1, magic shield, antimagic bite, no device heal 3, rot
immunity
a: Berserk, Trog's Hand, Burn Spellbooks, Renounce Religion


You were on level 3 of the Dungeon.
You worshipped Trog.
Trog was pleased with you.
You were hungry.

You visited 1 branch of the dungeon, and saw 3 of its levels.

You collected 199 gold pieces.

Inventory:

Hand Weapons
 a - a +0 short sword (weapon)
Missiles
 b - 13 poisoned needles
Armour
 q - a +0 leather armour (worn)
   (You found it on level 2 of the Dungeon)
Jewellery
 k - a ring of sustain attributes (left hand)
   (You found it on level 1 of the Dungeon)
 n - an uncursed amulet of rage {+Rage, !d}
   (You found it on level 2 of the Dungeon)
 r - an uncursed amulet of the gourmand {unknown}
   (You found it on level 3 of the Dungeon)
Scrolls
 f - 5 scrolls of identify {unknown}
 g - a scroll of fog {unknown}
 h - 2 scrolls of remove curse {unknown}
 j - a scroll of amnesia {unknown}
 l - 3 scrolls of teleportation {unknown}
 p - a scroll of enchant armour {unknown}
 s - a scroll of recharging {unknown}
Potions
 e - a potion of lignification {unknown}
 i - 2 potions of ambrosia {unknown}
 m - 2 potions of flight {unknown}
 o - a potion of degeneration {unknown}
Comestibles
 c - a bread ration {@e1}
 d - 7 chunks of flesh {@w0}


   Skills:
 - Level 2.6 Fighting
 * Level 5.1 Short Blades
 - Level 1.5 Armour
 - Level 1.5 Dodging


You had 4 spell levels left.
You didn't know any spells.

Dungeon Overview and Level Annotations

Branches:
Dungeon (3/15)

Altars:
Cheibriados
Dithmenos
Sif Muna
Trog
Zin


Innate Abilities, Weirdness & Mutations

You have extremely sharp teeth.
Your natural rate of healing is unusually fast.
When hurt, damage is shared between your health and your magic reserves.
Your bite disrupts and absorbs the magic of your enemies.
Potions and wands cannot restore your health.
You are immune to rotting.


Message History

No target in view!
You see here a ring mail.
You see here a ring mail.
A giant gecko comes into view.
Health restored: 27 The giant gecko completely misses you.
You hit the giant gecko.
You bite the giant gecko, but do no damage.
The giant gecko bites you but does no damage.
You closely miss the giant gecko. You bite the giant gecko.
You drain its power. The giant gecko barely misses you.
You barely miss the giant gecko. You bite the giant gecko. You drain its power.
You kill the giant gecko!
Trog accepts your kill.
No target in view!
No target in view!
You see here a falchion.
You now have 199 gold pieces (gained 9).
An orc comes into view. It is wielding a dagger.
The orc shouts!
An orc is nearby!
An orc comes into view. It is wielding a mace.
An orc comes into view. It is wielding a flail.
The orc shouts! x2
The orc barely misses you.
You are feeling hungry.
You hit the orc. The orc misses you.
An orc comes into view. It is wielding a falchion.
You barely miss the orc.
The orc shouts!
Your bite misses the orc.
You hear the rusting of a drain nearby.
A quokka comes into view.
You hit the orc.
You kill the orc!
Trog accepts your kill.
The orc throws a tomahawk of dispersal.
The tomahawk of dispersal closely misses you.
An orc comes into view. It is wielding a flail.
You closely miss the orc.
The orc shouts!
Your bite misses the orc. You hit the orc. You bite the orc, but do no damage.
The orc hits you with a mace. The orc misses you.
You take 2 damage, and have 25/27 hp.
You now have 5/6 mp.
You hit the orc.
You kill the orc!
Trog accepts your kill. The orc hits you with a falchion.
You now have 4/6 mp.
You hit the orc but do no damage. You bite the orc. You drain its power.
You feel invigorated. The orc hits you with a flail.
You take 2 damage, and have 23/27 hp.
You barely miss the orc. The quokka closely misses you.
You barely miss the orc. You bite the orc. You drain its power.
You feel invigorated. The orc hits you with a falchion.
The quokka closely misses you. The orc completely misses you.
You take 3 damage, and have 20/27 hp.
You hit the orc but do no damage. The orc hits you but does no damage.
The quokka bites you. The orc closely misses you.
You now have 4/6 mp.
You hit the orc but do no damage. You bite the orc, but do no damage.
The orc hits you but does no damage. The quokka bites you.
The orc barely misses you. x2
You take 2 damage, and have 18/27 hp.
You barely miss the orc. Your bite misses the orc.
The quokka barely misses you. The orc hits you with a flail.
You take 2 damage, and have 16/27 hp.
You are too injured to fight recklessly!
A red film seems to cover your vision as you go berserk!
You feel yourself moving faster!
You feel mighty!
You feel somewhat more hungry. The orc hits you with a falchion.
The orc hits you with a flail! The quokka closely misses you.
The orc misses you.
An orc comes into view. It is wielding a club.
You now have 14/40 hp.
You are too injured to fight recklessly!
You are too injured to fight recklessly!
You are too injured to fight recklessly!
You are too injured to fight recklessly!
You barely miss the orc.
The orc shouts!
Your bite misses the orc. The quokka closely misses you.
The orc closely misses you. The orc hits you with a flail!
* * * LOW HITPOINT WARNING * * *
You take 7 damage, and have 7/40 hp.
You now have 1/6 mp.
You closely miss the orc. You bite the orc, but do no damage.
The orc hits you with a flail.
* * * LOW HITPOINT WARNING * * *
The quokka closely misses you.
You take 1 damage, and have 6/40 hp.
You hit the orc. You bite the orc. You drain its power.
You feel invigorated.
You kill the orc!
Trog accepts your kill. The orc hits you with a flail.
* * * LOW HITPOINT WARNING * * *
You take 3 damage, and have 3/40 hp.
You closely miss the orc. The quokka barely misses you.
The orc hits you with a flail!
You die...

.#. ... .# .# .#
.#..#... .#..#...###
.......#.. #+#
.......#.# ########...#
>......#.# #...)......#
........+####...@ro.....
................oo......
.........)..............
.....................#..
..................(.....
.###....................
..##....................
#.##.................#..
#..#........###++###


You could see 3 orcs and a quokka.

Vanquished Creatures
  An orc priest (D:3)
  An orc wizard (D:3)
  An adder (D:2)
  A worm (D:2)
  2 dart slugs
  2 giant geckos (D:3)
  7 orcs (D:3)
  A giant cockroach (D:2)
  10 goblins
  5 hobgoblins
  2 jackals (D:3)
  4 kobolds
  A quokka (D:2)
  5 bats
  A giant newt (D:2)
  6 rats
50 creatures vanquished.

Notes
Turn   | Place    | Note
--------------------------------------------------------------
     0 | D:1      | Chemotherapy the Vine Stalker Berserker began the quest for the Orb.
     0 | D:1      | Reached XP level 1. HP: 11/11 MP: 2/2
    73 | D:1      | Reached skill level 3 in Short Blades
   131 | D:1      | Reached XP level 2. HP: 11/16 MP: 1/3
   649 | D:2      | Found a bloodstained altar of Trog.
   741 | D:2      | Reached XP level 3. HP: 16/19 MP: 4/4
   791 | D:2      | Found a snail-covered altar of Cheibriados.
   815 | D:2      | Found a deep blue altar of Sif Muna.
   926 | D:2      | Found a shadowy altar of Dithmenos.
   948 | D:2      | Reached ** piety under Trog
  1168 | D:2      | Noticed an angel
  1169 | D:2      | Found a glowing silver altar of Zin.
  1207 | D:2      | Reached skill level 4 in Short Blades
  1469 | D:3      | Reached XP level 4. HP: 20/23 MP: 5/5
  1481 | D:3      | HP: 4/23 [orc priest/divine providence (9)]
  1495 | D:3      | Reached skill level 5 in Short Blades
  1495 | D:3      | Reached XP level 5. HP: 13/27 MP: 2/6
  1639 | D:3      | HP: 7/40 [orc/flail (7)]
  1641 | D:3      | HP: 3/40 [orc/flail (3)]
  1642 | D:3      | Mangled by an orc

Skill      XL: |  1  2  3  4 |
---------------+-------------+-----
Short Blades   | 3 4 5 |  5.1
Fighting       | |  2.6
Armour         | |  1.5
Dodging        | |  1.5

Action                   |  1- 3 |  4- 6 || total
-------------------------+-------+-------++-------
Melee: Short sword       |   125 |    46 ||   171
       Bite              |    35 |    14 ||    49
Invok: Berserk           |     1 |     1 ||     2
       Trog's Hand       |       |     1 ||     1
 Stab: Sleeping          |     1 |       ||     1
  Eat: Chunk             |     2 |     1 ||     3
Armor: Animal skin       |    13 |       ||    13
       Leather armour    |    14 |     6 ||    20
Dodge: Dodged            |    76 |    36 ||   112

Vault maps used:
D:1:      lemuel_arrival_funnel, minmay_crystal_room
D:2:      nicolae_overflow_crystal_walls, nicolae_dithmenos_shadow_blocks,
          marbit_many_paths, zin_angel, lemuel_crystal_altar
D:3:      gup_sewer_entry_glass, serial_curves, eino_curves_02, eino_curves_03,
          st_stairs_9, kennysheep_generic_room_12

Table legend:
 A = Turns spent in this place as a percentage of turns spent in the entire game.
 B = Non-inter-level travel turns spent in this place as a percentage of non-inter-level travel turns spent in the entire game.
 C = Inter-level travel turns spent in this place as a percentage of turns spent in this place.
 D = Turns resting spent in this place as a percentage of non-inter-level travel turns spent in this place.
 E = Turns spent auto-exploring this place as a percentage of non-inter-level travel turns spent in this place.
 F = Non-inter-level travel turns spent in this place divided by the number of levels of this place that you've seen.
                   A       B       C       D       E      F
               +-------+-------+-------+-------+-------+----------------------
         Total | 100.0 | 100.0 |   0.4 |   1.8 |  11.6 | 169.0
       Dungeon | 100.0 | 100.0 |   0.4 |   1.8 |  11.6 | 169.0
               +-------+-------+-------+-------+-------+----------------------

Table legend:
 A = Kills in this place as a percentage of kills in entire the game.
 B = Kills by you in this place as a percentage of kills by you in the entire game.
 C = Kills by friends in this place as a percentage of kills by friends in the entire game.
 D = Other kills in this place as a percentage of other kills in the entire game.
 E = Experience gained in this place as a percentage of experience gained in the entire game.
 F = Experience gained in this place divided by the number of levels of this place that you have seen.
                   A       B       C       D       E      F
               +-------+-------+-------+-------+-------+----------------------
         Total | 100.0 | 100.0 |  -nan |  -nan | 100.0 |  62.7
       Dungeon | 100.0 | 100.0 |  -nan |  -nan | 100.0 |  62.7
               +-------+-------+-------+-------+-------+----------------------
